 Dungeon Crawl Stone Soup version 0.27.0-1-g7a089689b8 (webtiles) character file.

Game seed: 31047155987650935

170 Smaepdii the Chopper (level 5, -3/42 (47) HPs)
             Began as a Minotaur Berserker on Aug 11, 2021.
             Was a Believer of Trog.
             Slain by a wight (6 damage)
             ... on level 3 of the Dungeon.
             The game lasted 00:09:42 (3246 turns).

Smaepdii the Chopper (Minotaur Berserker)           Turns: 3246, Time: 00:09:43

HP:   -3/42 (47)    AC:  9    Str: 21    XL:     5   Next: 26%
MP:   4/4           EV:  8    Int:  4    God:    Trog [**....]
Gold: 120           SH:  0    Dex: 11    Spells: 4/4 levels left

rFire    . . .     SeeInvis .   p - +2 falchion (vorpal)
rCold    + . .     Faith    +   (no shield)
rNeg     . . .     Spirit   .   l - +0 chain mail
rPois    .         Reflect  .   (helmet restricted)
rElec    .         Harm     .   (no cloak)
rCorr    .         Rampage  .   (no gloves)
Will     .....                  (no boots)
Stlth    ..........             t - amulet of faith
HPRegen  0.14/turn              b - ring of protection from cold
MPRegen  0.09/turn              (no ring)

@: on berserk cooldown, slowed, heavily drained, very slow
A: horns 2, retaliatory headbutt
a: Renounce Religion, Berserk, Trog's Hand


You were on level 3 of the Dungeon.
You worshipped Trog.
Trog was pleased with you.
You visited 1 branch of the dungeon, and saw 4 of its levels.

You collected 148 gold pieces.
You spent 28 gold pieces at shops.

Inventory:

Hand Weapons
 a - a +0 hand axe
 p - a +2 vorpal falchion (weapon)
Missiles
 d - 53 stones
 i - 18 poisoned darts (quivered)
 o - 2 boomerangs
Armour
 j - a +1 leather armour of fire resistance
 l - a +0 chain mail (worn)
Jewellery
 b - a ring of protection from cold (left hand)
 t - an amulet of faith (around neck)
Wands
 r - a wand of mindburst (17)
Scrolls
 c - 2 scrolls of identify
 e - a scroll of acquirement {unknown}
 g - a scroll of summoning {unknown}
 h - a scroll of magic mapping {unknown}
 m - a scroll of immolation {unknown}
 q - a scroll of brand weapon {unknown}
Potions
 f - 2 potions of heal wounds
 k - 2 potions of flight {unknown}
 n - a potion of might {unknown}
 s - 2 potions of invisibility {unknown}


   Skills:
 + Level 4.5 Fighting
 * Level 5.3 Axes
 + Level 3.7 Armour
 + Level 3.2 Dodging


You had 4 spell levels left.
You didn't know any spells.
Your spell library was empty.

Dungeon Overview and Level Annotations

Branches:
Dungeon (4/15)
 Temple: D:4-7

Altars:

Shops:
D:1 *   D:2 [(*?


Innate Abilities, Weirdness & Mutations

You have a pair of horns on your head.
You reflexively headbutt those who attack you in melee.


Message History

The jackal bites you.
You slash the jackal!
You kill the jackal!
Trog accepts your kill.
You hit the wight but do no damage.
An endoplasm comes into view.
The endoplasm quivers.
The wight closely misses you. You furiously retaliate!
You headbutt the wight, but do no damage.
There is a stone staircase leading up here.
You closely miss the wight. The wight hits you with a +2 mace!
You feel drained. The wight hits you with a +2 mace!
You feel drained.
You closely miss the wight. The endoplasm hits you.
The wight hits you from afar with a +0 spear.
The endoplasm hits you but does no damage.
You are too injured to fight recklessly!
You are too injured to fight recklessly!
The wight barely misses you. x2; The endoplasm misses you.
You furiously retaliate!
You headbutt the endoplasm!
You kill the endoplasm!
Trog accepts your kill.
You climb upwards.
There is a stone staircase leading down here.
You hit the wight.
The wight is moderately damaged.
The wight hits you with a +2 mace.
You feel drained.
You hit the wight but do no damage.
The wight is moderately damaged.
The wight hits you with a +2 mace. The wight hits you with a +2 mace!
* * * LOW HITPOINT WARNING * * *
A red film seems to cover your vision as you go berserk!
You feel yourself moving faster!
You feel mighty! The wight hits you with a +2 mace.
* * * LOW HITPOINT WARNING * * *
You feel a strong urge to attack something.
You feel your anger nearly subside.
You are no longer berserk.
You are exhausted.
You feel yourself slow down. The wight hits you with a +2 mace.
You die...

# # # # #
################# #
#########.......>..).....
#
#.......@z###############
###### #...#######
.....######...#####
#.##....#####.....##
#.#####............######
#..#
##########........######
##.## ###.####......####
#..## #.....#######.....
##..# ##.#.......########


You could see a wight.

Vanquished Creatures
  Terence (D:2)
  An orc wizard (D:3)
  5 adders
  2 dart slugs
  8 orcs (D:3)
  5 ball pythons
  4 bats
  2 endoplasms
  3 giant cockroaches
  3 goblins
  3 hobgoblins
  8 jackals
  8 kobolds
  2 quokkas
  3 frilled lizards
  6 rats
64 creatures vanquished.

Notes
Turn   | Place    | Note
-------+----------+-------------------------------------------
     0 | D:1      | Smaepdii the Minotaur Berserker began the quest for the
                  | Orb.
     0 | D:1      | Reached XP level 1. HP: 19/19 MP: 0/0
   313 | D:1      | Found a faded altar of an unknown god.
   320 | D:1      | Reached XP level 2. HP: 27/27 MP: 1/1
   348 | D:1      | Reached skill level 4 in Axes
   614 | D:1      | Found Ozell's Assorted Antiques.
   806 | D:1      | Reached ** piety under Trog
   807 | D:1      | Reached XP level 3. HP: 32/33 MP: 2/2
  1082 | D:2      | Found Sogreux's Magic Scroll Boutique.
  1091 | D:2      | Bought a scroll of identify for 28 gold pieces
  1094 | D:2      | Found Xitwuacs's Armour Shop.
  1334 | D:2      | Noticed Terence
  1349 | D:2      | Killed Terence
  1413 | D:2      | Reached XP level 4. HP: 40/40 MP: 3/3
  1801 | D:2      | Found Jasuomel's Weapon Shoppe.
  1801 | D:2      | Found Desteih's General Store.
  2309 | D:3      | Reached skill level 5 in Axes
  2796 | D:3      | Reached XP level 5. HP: 47/47 MP: 4/4
  3238 | D:3      | HP: 3/63 [wight (6)]
  3246 | D:3      | Slain by a wight

Illustrated notes

Levels and vault maps discovered:
D:1:      dpeg_arrival_rhombus, layout_loops_ring, serial_shops,
          nicolae_shop_behind_doors, hellmonk_ecumenical_altar_zigzags
D:2:      layout_loops_ring, serial_shops, nicolae_shop_trees, shop, shop, shop,
          minmay_pentomino_u2, uniq_terence
D:3:      layout_rooms, minivault_4, minivault_4, grunt_ministairs_11,
          grunt_decor_mini_mirrors
D:4:      layout_basic

Skill      XL: |  1  2  3  4 |
---------------+-------------+-----
Axes           | 4 5 |  5.3
Fighting       | 4 |  4.5
Armour         | 3 |  3.7
Dodging        | 3 |  3.2

Action                   |  1- 3 |  4- 6 || total
-------------------------+-------+-------++-------
Melee: Hand axe          |    47 |    29 ||    76
       Headbutt          |    10 |     4 ||    14
       Falchion          |       |    50 ||    50
Throw: Dart              |     8 |     2 ||    10
Invok: Berserk           |     2 |     4 ||     6
  Use: Scroll            |     1 |       ||     1
Armor: Animal skin       |     7 |       ||     7
       Leather armour    |     1 |       ||     1
       Chain mail        |       |    35 ||    35
       Scale mail        |       |     3 ||     3
Dodge: Dodged            |    28 |    39 ||    67
       Rpst.: Falchion   |       |     8 ||     8
